 Dungeon Crawl Stone Soup version 0.17-a0-1582-ge6b0260 (webtiles) character file.

22 Chiseanne the Bolt Thrower (level 2, -2/22 HPs)
             Began as a Demonspawn Wanderer on July 28, 2015.
             Slain by a gnoll
             ... wielding a +0 whip of electrocution
              (17 damage)
             ... on level 1 of the Dungeon.
             The game lasted 00:02:06 (738 turns).

Chiseanne the Bolt Thrower (Demonspawn Wanderer)     Turns: 738, Time: 00:02:07

Health: -2/22      AC:  3    Str: 13    XL:     2   Next: 68%
Magic:  0/2        EV: 11    Int: 12    God:
Gold:   37         SH:  0    Dex: 12    Spells: 0 memorised, 1 level left

rFire  . . .     SeeInvis .     e - +2 hand crossbow
rCold  . . .     Clarity  .     m - +0 leather armour
rNeg   . . .     SustAt   .     (no shield)
rPois  .         Gourm    .     (no helmet)
rElec  .         Spirit   +     (no cloak)
rCorr  .         Warding  .     (no gloves)
rMut   .         Stasis   .     (no boots)
MR     .....                    (no amulet)
Stlth  +.........               (no ring)
                                (no ring)

@: not resistant to hostile enchantments, very unstealthy
A: magic shield
a: no special abilities


You were on level 1 of the Dungeon.
You were not hungry.

You visited 1 branch of the dungeon, and saw 1 of its levels.

You collected 37 gold pieces.

Inventory:

Hand weapons
 a - a +0 mace
 e - a +2 hand crossbow (weapon)
Missiles
 b - 47 bolts (quivered)
Armour
 m - a +0 leather armour (worn)
Magical devices
 d - a wand of random effects (15)
Scrolls
 c - 2 scrolls of remove curse {unknown}
 g - a scroll of fear {unknown}
 h - a scroll of identify {unknown}
Potions
 i - a potion of brilliance {unknown}
 j - 2 potions of haste {unknown}
 k - a potion of curing {unknown}
 l - 2 potions of degeneration {unknown}
Comestibles
 f - a bread ration


   Skills:
 * Level 1.9 Fighting
 - Level 1.0 Maces & Flails
 + Level 3.0 Crossbows
 - Level 2.6 Armour
 + Level 0.8 Dodging
 - Level 1.0 Stealth
 - Level 1.0 Evocations


You had one spell level left.
You didn't know any spells.

Dungeon Overview and Level Annotations

Branches:
Dungeon (1/15)

Altars:


Innate Abilities, Weirdness & Mutations

When hurt, damage is shared between your health and your magic reserves.


Message History

Aim: a gnoll, wielding a whip of electrocution You shoot a bolt.
The bolt barely misses the gnoll.
Firing (i - inventory):
b - 50 bolts (quivered)
Press: ? - help, Shift-Dir - straight line, f/p - gnoll
Aim: a gnoll, wielding a whip of electrocution You shoot a bolt.
The bolt hits the gnoll!
The gnoll is severely wounded.
Firing (i - inventory):
b - 49 bolts (quivered)
Press: ? - help, Shift-Dir - straight line, f/p - gnoll
Aim: a gnoll, wielding a whip of electrocution (severely wounded)
You shoot a bolt. The bolt barely misses the gnoll.
Firing (i - inventory):
b - 48 bolts (quivered)
Press: ? - help, Shift-Dir - straight line, f/p - gnoll
Aim: a gnoll, wielding a whip of electrocution (severely wounded)
You shoot a bolt. The bolt hits the gnoll.
The gnoll is almost dead.
The gnoll hits you with a whip of electrocution!
You are electrocuted!
Ouch! That really hurt!
You die...

..# ######
#.##########((..############
...........g..............>#
.########.##....###.)..###.#
..........##..(.# #....# #.#
.......#..##....# #....# #.# ##
.......#........# #....# #.# #.
#..............g###....###.# #.
................@..........# #.
................#.#....###.#####.
...................#.............
......)......####..#..####.######
.)..######...# #..#...# #.# ....#
##### #..#.#.# #.# ....# #..#.#.#
#.# ....# #..#.#.###.# ....#
#..#.#..##.######


You could see a gnoll and a goblin (wandering).

Vanquished Creatures
  An ooze (D:1)
  A giant cockroach (D:1)
  2 hobgoblins (D:1)
  7 kobolds (D:1)
  A bat (D:1)
  A giant newt (D:1)
  4 goblins (D:1)
  A rat (D:1)
18 creatures vanquished.

Notes
Turn   | Place    | Note
--------------------------------------------------------------
     0 | D:1      | Chiseanne the Demonspawn Wanderer began the quest for the Orb.
     0 | D:1      | Chiseanne set off with: a +2 hand crossbow, 23 bolts, a +0 mace, a wand of random effects (15), a +0 robe, a bread ration
     0 | D:1      | Reached XP level 1. HP: 15/15 MP: 1/1
   125 | D:1      | Gained mutation: When hurt, damage is shared between your health and your magic reserves. [demonic ancestry]
   125 | D:1      | Reached XP level 2. HP: 16/21 MP: 2/2
   485 | D:1      | Reached skill level 3 in Crossbows
   738 | D:1      | Slain by a gnoll

Vault maps used:
D:1:      erik_arrival_cave_to_civilisation, minmay_strange_pillars

Action                   || total
-------------------------++-------
Melee: Mace              ||    21
 Fire: Hand crossbow     ||    40
